 Dungeon Crawl Stone Soup version 0.25-a0-341-g6f074c887a (webtiles) character file.

Game seed: 5944509209004341715, levelgen mode: deterministic

17388 Essalna the Thaumaturge (level 12, -3/91 HPs)
             Began as a Gnoll Air Elementalist on Dec 30, 2019.
             Was an Elder of Ashenzari.
             Killed by their own static electricity (4 damage)
             ... on level 2 of the Lair of Beasts.
             The game lasted 01:02:45 (15871 turns).

Essalna the Thaumaturge (Gnoll Air Elementalist)   Turns: 15871, Time: 01:02:46

Health: -3/91      AC: 10    Str: 10    XL:     12   Next: 47%
Magic:  0/24       EV: 20    Int: 27    God:    Ashenzari [****..]
Gold:   558        SH:  0    Dex: 16    Spells: 17/28 levels left

rFire    + . .     SeeInvis +   y - +0 short sword of Shame {holy, -Tele rPois rF+ Int+4} (curse)
rCold    . . .     Gourm    .   (no shield)
rNeg     . . .     Faith    .   (no armour)
rPois    +         Spirit   .   e - +0 helmet {SInv} (curse)
rElec    .         Reflect  .   x - +1 cloak "Ezedimma" {rCorr} (curse)
rCorr    +         Harm     .   l - +0 pair of gloves (curse)
MR       .....     Clarity  +   M - +0 pair of boots (curse) Stlth +++++.....NoTele +
                                (no amulet)
HPRegen  0.25/turn              s - +4 ring of protection (curse)
MPRegen  0.19/turn              u - ring of teleportation (curse)

@: no status effects
A: distributed training, fangs 1, strong nose
a: Curse Item, Scrying, Renounce Religion


You were on level 2 of the Lair of Beasts.
You worshipped Ashenzari.
Ashenzari was greatly pleased with you.
You were not hungry.

You visited 3 branches of the dungeon, and saw 14 of its levels.

You collected 743 gold pieces.
You spent 185 gold pieces at shops.

Inventory:

Hand Weapons
 y - the cursed +0 short sword of Shame (weapon) {holy, -Tele rPois rF+ Int+4}
   (You found it on level 4 of the Dungeon)

   It has been blessed by the Shining One to cause great damage to the undead
   and demons.
   It affects your intelligence (+4).
   It protects you from fire.
   It protects you from poison.
   It prevents most forms of teleportation.
   It has a curse placed upon it.
 A - a +1 dagger of venom
Armour
 e - a cursed +0 helmet of see invisible (worn)
 l - a cursed +0 pair of gloves (worn)
 p - a scarf of resistance
 x - the cursed +1 cloak "Ezedimma" (worn) {rCorr}
   (You found it on level 4 of the Dungeon)

   It provides partial protection from all sources of acid and corrosion.
   It has a curse placed upon it.
 M - a cursed +0 pair of boots (worn)
 R - a +0 troll leather armour
 V - the +3 ring mail of Incorporation {rC+ MR+ Str+2}
   (You found it on level 11 of the Dungeon)

   It affects your strength (+2).
   It protects you from cold.
   It affects your resistance to hostile enchantments.
Jewellery
 s - a cursed +4 ring of protection (left hand)
 u - a cursed ring of teleportation (right hand)
 Y - the amulet "Fyucaky" {Inacc *Contam +Blink rN+++ Int-2}
   (You found it on level 11 of the Dungeon)

   [amulet of inaccuracy]

   It reduces the accuracy of all your attacks.
   It affects your intelligence (-2).
   It renders you almost immune to negative energy.
   It lets you blink.
   It causes magical contamination when unequipped.
Wands
 t - a wand of digging (2)
 Z - a wand of clouds (5)
Scrolls
 b - 2 scrolls of identify
 d - a scroll of blinking
 h - 13 scrolls of teleportation
 k - 2 scrolls of remove curse
 o - a scroll of amnesia {unknown}
 w - 4 scrolls of random uselessness {unknown}
 z - 3 scrolls of immolation {unknown}
 E - 3 scrolls of acquirement {unknown}
 H - 2 scrolls of magic mapping {unknown}
 I - a scroll of enchant armour {unknown}
 J - a scroll of enchant weapon {unknown}
 K - 2 scrolls of noise {unknown}
 O - 2 scrolls of fear {unknown}
 P - a scroll of fog {unknown}
 U - 2 scrolls of vulnerability {unknown}
Potions
 a - a potion of invisibility
 f - a potion of flight {unknown}
 g - 3 potions of magic
 j - a potion of haste
 m - 2 potions of curing
 n - 6 potions of might
 r - 2 potions of agility
 C - a potion of mutation
 G - 3 potions of brilliance
 S - a potion of lignification
 T - a potion of heal wounds
 W - a potion of cancellation {unknown}
Miscellaneous
 i - a phial of floods
Comestibles
 c - 24 rations


   Skills:
 + Level 7.2 Fighting
 + Level 7.2(10.7) Short Blades
 + Level 7.2 Long Blades
 + Level 7.2 Axes
 + Level 7.2 Maces & Flails
 + Level 7.2 Polearms
 + Level 7.2 Staves
 + Level 7.2 Slings
 + Level 7.2 Bows
 + Level 7.2 Crossbows
 + Level 7.2 Throwing
 + Level 7.2 Armour
 + Level 8.6(10.8) Dodging
 + Level 8.4(10.7) Stealth
 + Level 7.2 Shields
 + Level 7.2 Unarmed Combat
 + Level 8.9 Spellcasting
 + Level 6.4(8.7) Conjurations
 + Level 6.0(8.3) Hexes
 + Level 6.0(8.3) Charms
 + Level 6.0(8.3) Summonings
 + Level 6.0(8.3) Necromancy
 + Level 6.0(8.3) Translocations
 + Level 6.0(8.3) Transmutations
 + Level 6.0(8.3) Fire Magic
 + Level 6.0(8.3) Ice Magic
 + Level 8.2(10.5) Air Magic
 + Level 6.0(8.3) Earth Magic
 + Level 6.0(8.3) Poison Magic
 + Level 7.9 Invocations
 + Level 7.2(9.5) Evocations


You had 17 spell levels left.
You knew the following spells:

 Your Spells              Type           Power        Failure   Level  Hunger
a - Shock                 Conj/Air       ####         1%          1    None
b - Swiftness             Chrm/Air       ######..     1%          2    None
c - Static Discharge      Conj/Air       ######..     1%          3    None
d - Lightning Bolt        Conj/Air       ######....   2%          5    ####...

Your spell library contained the following spells:

 Spells                   Type           Power        Failure   Level  Hunger
 Confusing Touch          Hex            ######       1%          1    None
 Corona                   Hex            ######.      1%          1    None
 Slow                     Hex            ######..     1%          2    None
 Sublimation of Blood     Necr           ######....   1%          2    None
 Confuse                  Hex            ######..     1%          3    None
 Gell's Gravitas          Tloc           ######....   1%          3    None
 Ignite Poison            Fire/Tmut/Pois ######..     1%          3    None
 Inner Flame              Hex/Fire       ######..     1%          3    None
 Portal Projectile        Hex/Tloc       ######       1%          3    None
 Airstrike                Air            ######....   1%          4    #......
 Cause Fear               Hex            ######....   1%          4    #......
 Leda's Liquefaction      Hex/Erth       ######....   1%          4    #......
 Petrify                  Tmut/Erth      ######..     1%          4    #......
 Alistair's Intoxication  Tmut/Pois      ######..     4%          5    ####...
 Irradiate                Conj/Tmut      ######....   4%          5    ####...
 Metabolic Englaciation   Hex/Ice        ######....   4%          5    ####...
 Yara's Violent Unravell  Hex/Tmut       ######....   4%          5    ####...
 Eringya's Noxious Bog    Tmut/Pois      ######....   24%         6    ######.


Dungeon Overview and Level Annotations

Branches:
Dungeon (11/15)            Temple (1/1) D:4            Lair (2/6) D:11
    Orc (0/2) D:10
  Swamp: Lair:2-4    Shoals: Lair:2-4     Snake: Lair:2-4    Spider: Lair:2-4

Altars:
Ashenzari
Dithmenos
Fedhas
Gozag
Hepliaklqana
Kikubaaqudgha
Makhleb
Nemelex Xobeh
Okawaru
Qazlal
Trog
Wu Jian
Xom
Yredelemnul
Zin
The Shining One

Shops:
D:9 ?*   D:11 (}?*(

Annotations:
D:10 2 transporters, Essalna's ghost, journeyman GnFE
D:11 3 runed translucent doors, Qoq Enodoapn's ghost, journeyman GnVM


Innate Abilities, Weirdness & Mutations

Your experience applies equally to all skills.
You have very sharp teeth.
Your uncanny sense of smell can sniff out nearby items.


Message History

The blink frog hits you but does no damage.
Casting: Static Discharge (safe; 1% risk of failure)
Confirm with . or Enter, or press ? or * to list all spells.
The blink frog is struck by an arc of lightning.
You kill the blink frog!
Your base Hexes skill increases to level 6!
Your base Charms skill increases to level 6!
Your base Summonings skill increases to level 6!
Your base Necromancy skill increases to level 6!
Your base Translocations skill increases to level 6!
Your base Transmutations skill increases to level 6!
Your base Fire Magic skill increases to level 6!
Your base Ice Magic skill increases to level 6!
Your base Earth Magic skill increases to level 6!
Your base Poison Magic skill increases to level 6!
The lightning grounds out.
The blink frog is struck by an arc of lightning.
The blink frog is almost dead.
You are struck by an arc of lightning.
You die...

, , ,, *,,,, ,, , , ,
, ,, ......,,..... , ,
* ........##....# , ,,
* P........#.....#* ,,
, .....#..........#* ,
, , ,
,,................##.
, ,,
...................,,
,
,,...................
, , ,
,..........F@†...... ,
, ,,
................... ,
, ,
......P#.##........, ,
,,
,#......<..#........,,
, , ,,
..................#,
,, ,, ,
..........#........,,,
,,
,,...^...............,
, , ,,
#.................#* ,
, #...#.........P... *
,


You could see a blink frog.

Vanquished Creatures
  Erolcha (D:9)
  A two-headed ogre (D:9)
  2 unseen horrors
  2 ugly things (D:11)
  A deep elf mage (D:10)
  A cyclops (D:11)
  An oklob plant (D:7)
  A manticore (D:11)
  Joseph (D:7)
  A black mamba (Lair:1)
  2 komodo dragons
  2 trolls
  3 blink frogs (Lair:2)
  3 hippogriffs
  Sigmund (D:2)
  A shadow (D:11)
  2 wyverns
  A vampire (D:11)
  A wraith (D:11)
  7 yaks
  2 hungry ghosts (D:11)
  A vampire mosquito (D:11)
  A basilisk (D:11)
  2 acid dragons
  Duvessa (D:7)
  4 porcupines (Lair:1)
  6 orc warriors
  5 ice beasts
  A sky beast (D:10)
  3 black bears
  4 ogres
  3 wolves (Lair:1)
  7 centaurs
  3 crocodiles
  A big kobold (D:11)
  7 bullfrogs
  Dowan (D:7)
  A water moccasin zombie (D:8)
  5 scorpions
  A wyvern skeleton (D:10)
  20 killer bees
  3 howler monkeys
  6 wights
  4 crimson imps
  2 bullfrog zombies
  2 quasits
  3 hounds
  5 orc priests
  A centaur skeleton (D:5)
  10 jellies
  Crazy Yiuf (D:7)
  2 iguanas
  10 orc wizards
  3 bullfrog skeletons
  Terence (D:2)
  8 worker ants
  A killer bee zombie (D:6)
  A hound zombie (D:7)
  3 worker ant zombies (D:7)
  7 adders
  10 gnolls
  A howler monkey skeleton (D:11)
  3 shadow imps
  19 oozes
  2 adder zombies
  An adder skeleton (D:9)
  3 worms
  5 dart slugs
  6 leopard geckos
  45 orcs
  5 giant cockroaches
  15 goblins
  19 hobgoblins
  8 jackals
  4 quokkas
  A ball python (D:2)
  4 bats
  6 frilled lizards
  2 gnoll zombies (D:9)
  10 kobolds
  11 rats
  A fungus (D:7)
368 creatures vanquished.

Vanquished Creatures (others)
  2 fungi (D:7)
2 creatures vanquished.

Grand Total: 370 creatures vanquished

Notes
Turn   | Place    | Note
-------+----------+-------------------------------------------
     0 | D:1      | Essalna the Gnoll Air Elementalist began the quest for the
                  | Orb.
     0 | D:1      | Reached XP level 1. HP: 13/13 MP: 6/6
   515 | D:1      | Reached XP level 2. HP: 19/19 MP: 1/7
   934 | D:1      | Reached XP level 3. HP: 25/25 MP: 5/9
  1043 | D:1      | Reached skill level 5 in Spellcasting
  1380 | D:2      | Noticed Terence
  1381 | D:2      | Reached skill level 1 in Invocations
  1753 | D:2      | Noticed Sigmund
  1762 | D:2      | Killed Sigmund
  1762 | D:2      | Reached skill level 1 in Fighting
  1762 | D:2      | Reached skill level 1 in Short Blades
  1762 | D:2      | Reached skill level 1 in Long Blades
  1762 | D:2      | Reached skill level 1 in Axes
  1762 | D:2      | Reached skill level 1 in Maces & Flails
  1762 | D:2      | Reached skill level 1 in Polearms
  1762 | D:2      | Reached skill level 1 in Staves
  1762 | D:2      | Reached skill level 1 in Slings
  1762 | D:2      | Reached skill level 1 in Bows
  1762 | D:2      | Reached skill level 1 in Crossbows
  1762 | D:2      | Reached skill level 1 in Throwing
  1762 | D:2      | Reached skill level 1 in Armour
  1762 | D:2      | Reached skill level 1 in Shields
  1762 | D:2      | Reached skill level 1 in Unarmed Combat
  1762 | D:2      | Reached skill level 1 in Hexes
  1762 | D:2      | Reached skill level 1 in Charms
  1762 | D:2      | Reached skill level 1 in Summonings
  1762 | D:2      | Reached skill level 1 in Necromancy
  1762 | D:2      | Reached skill level 1 in Translocations
  1762 | D:2      | Reached skill level 1 in Transmutations
  1762 | D:2      | Reached skill level 1 in Fire Magic
  1762 | D:2      | Reached skill level 1 in Ice Magic
  1762 | D:2      | Reached skill level 1 in Earth Magic
  1762 | D:2      | Reached skill level 1 in Poison Magic
  1762 | D:2      | Reached skill level 1 in Evocations
  1762 | D:2      | Reached XP level 4. HP: 8/32 MP: 0/11
  1762 | D:2      | Reached XP level 5. HP: 9/37 MP: 0/12
  2368 | D:3      | Learned a level 2 spell: Swiftness
  2372 | D:3      | Learned a level 3 spell: Static Discharge
  2376 | D:2      | Killed Terence
  2376 | D:2      | Reached XP level 6. HP: 41/44 MP: 3/13
  2665 | D:3      | Found a stormy altar of Qazlal.
  3324 | D:4      | Reached skill level 5 in Dodging
  3405 | D:4      | Reached XP level 7. HP: 16/50 MP: 0/15
  3756 | D:4      | Found an ornate altar of the Wu Jian Council.
  4003 | D:4      | Reached skill level 5 in Stealth
  4029 | D:4      | Found an opulent altar of Gozag.
  4251 | D:4      | Got a dazzling cloak
  4257 | D:4      | Identified the +1 cloak "Ezedimma" {rCorr} (You found it on
                  | level 4 of the Dungeon)
  4291 | D:4      | Got a polished short sword
  4292 | D:4      | Identified the cursed +0 short sword of Shame {holy, -Tele
                  | rPois rF+ Int+4} (You found it on level 4 of the Dungeon)
  4488 | D:4      | Found a glowing golden altar of the Shining One.
  4532 | D:4      | Found a staircase to the Ecumenical Temple.
  4539 | Temple   | Entered the Ecumenical Temple
  4548 | Temple   | Became a worshipper of Ashenzari the Shackled
  4626 | D:5      | Entered Level 5 of the Dungeon
  4914 | D:5      | Reached XP level 8. HP: 57/57 MP: 8/16
  6213 | D:6      | Reached * piety under Ashenzari
  6478 | D:6      | Reached XP level 9. HP: 65/65 MP: 13/18
  7419 | D:7      | Found a runed translucent door.
  7420 | D:7      | Noticed Crazy Yiuf
  7426 | D:7      | Killed Crazy Yiuf
  8042 | D:7      | Noticed Duvessa
  8042 | D:7      | Noticed Dowan
  8049 | D:7      | Killed Duvessa
  8053 | D:7      | Killed Dowan
  8312 | D:7      | Noticed Joseph
  8327 | D:7      | Killed Joseph
  8327 | D:7      | Reached skill level 5 in Invocations
  8616 | D:7      | Noticed an oklob plant
  8621 | D:7      | Reached XP level 10. HP: 73/73 MP: 16/20
  8637 | D:7      | Killed an oklob plant
  8925 | D:8      | Reached skill level 5 in Fighting
  8925 | D:8      | Reached skill level 5 in Short Blades
  8925 | D:8      | Reached skill level 5 in Long Blades
  8925 | D:8      | Reached skill level 5 in Axes
  8925 | D:8      | Reached skill level 5 in Maces & Flails
  8925 | D:8      | Reached skill level 5 in Polearms
  8925 | D:8      | Reached skill level 5 in Staves
  8925 | D:8      | Reached skill level 5 in Slings
  8925 | D:8      | Reached skill level 5 in Bows
  8925 | D:8      | Reached skill level 5 in Crossbows
  8925 | D:8      | Reached skill level 5 in Throwing
  8925 | D:8      | Reached skill level 5 in Armour
  8925 | D:8      | Reached skill level 5 in Shields
  8925 | D:8      | Reached skill level 5 in Unarmed Combat
  8925 | D:8      | Reached skill level 5 in Evocations
  8983 | D:8      | Found a burning altar of Makhleb.
  9025 | D:8      | Reached ** piety under Ashenzari
  9117 | D:8      | Found a bloodstained altar of Trog.
  9627 | D:8      | Found a glowing silver altar of Zin.
  9627 | D:8      | Noticed an angel
  9628 | D:8      | Noticed a green death
  9704 | D:9      | Found Junarutzeixt's Magic Scroll Shoppe.
  9707 | D:9      | Noticed Erolcha
  9719 | D:9      | Killed Erolcha
  9719 | D:9      | Reached skill level 5 in Conjurations
 10046 | D:9      | Noticed an angel
 10076 | D:9      | Noticed a two-headed ogre
 10324 | D:9      | Found a hazy altar of Hepliaklqana.
 10580 | D:9      | Learned a level 5 spell: Lightning Bolt
 10583 | D:9      | Killed a two-headed ogre
 10583 | D:9      | Reached XP level 11. HP: 81/81 MP: 1/22
 10749 | D:9      | Found a basalt altar of Yredelemnul.
 10787 | D:9      | Found a glowing silver altar of Zin.
 10789 | D:9      | Found Hyat's Hallowed Reliquary.
 10988 | D:10     | Entered Level 10 of the Dungeon
 11161 | D:10     | Found a transporter.
 11187 | D:10     | Identified the +7 flail "Akhozatt" {drain, SInv}
 11187 | D:10     | Noticed a tengu warrior
 11188 | D:10     | Identified the +11 demon blade of Battle {elec, Stlth+}
 11188 | D:10     | Noticed an orc knight
 11198 | D:10     | Noticed a deep elf mage
 11202 | D:10     | Noticed a two-headed ogre
 11209 | D:10     | HP: 4/81 [deep elf mage/shard of ice (41)]
 11212 | D:10     | Killed a deep elf mage
 11350 | D:10     | Found a bloodstained altar of Trog.
 11350 | D:10     | Noticed Essalna's ghost (journeyman GnFE)
 11372 | D:10     | Found a transporter.
 11402 | D:10     | Reached skill level 5 in Hexes
 11402 | D:10     | Reached skill level 5 in Charms
 11402 | D:10     | Reached skill level 5 in Summonings
 11402 | D:10     | Reached skill level 5 in Necromancy
 11402 | D:10     | Reached skill level 5 in Translocations
 11402 | D:10     | Reached skill level 5 in Transmutations
 11402 | D:10     | Reached skill level 5 in Fire Magic
 11402 | D:10     | Reached skill level 5 in Ice Magic
 11402 | D:10     | Reached skill level 5 in Earth Magic
 11402 | D:10     | Reached skill level 5 in Poison Magic
 11646 | D:10     | Noticed an unseen horror
 11652 | D:10     | Killed an unseen horror
 12483 | D:10     | Found a staircase to the Orcish Mines.
 12604 | D:11     | Found Juiply Jerch's Assorted Antiques.
 12613 | D:11     | Noticed a red ugly thing
 12621 | D:11     | Killed a red ugly thing
 12669 | D:11     | Bought a scroll labeled AFRIOD GYERPH for 26 gold pieces
 12669 | D:11     | Bought a murky amethyst potion for 23 gold pieces
 12669 | D:11     | Bought a scroll labeled ITUARIUZXU for 26 gold pieces
 12669 | D:11     | Bought a scroll labeled JYTOIG UNEFE for 26 gold pieces
 12687 | D:11     | Reached *** piety under Ashenzari
 12867 | D:11     | Noticed a manticore
 13193 | D:11     | Found Holioli's Antique Weapon Boutique.
 13206 | D:11     | Killed a manticore
 13367 | D:11     | Found Pabbeog's Magic Scroll Shop.
 13375 | D:11     | Bought a scroll of teleportation for 42 gold pieces
 13375 | D:11     | Bought a scroll of remove curse for 42 gold pieces
 13546 | D:11     | Noticed an unseen horror
 13551 | D:11     | Killed an unseen horror
 13551 | D:11     | Reached XP level 12. HP: 70/89 MP: 2/24
 13781 | D:11     | Got the uncursed ring mail of Incorporation {rC+ MR+ Str+2}
 13811 | D:11     | Found Goenaush's Gadget Shoppe.
 14019 | D:11     | Identified the +2 mace of Baifarah {freeze, *Noise rElec
                  | rC+ SInv}
 14270 | D:11     | Found Irelism's Weapon Boutique.
 14291 | D:11     | Found a stormy altar of Qazlal.
 14302 | D:11     | Found a staircase to the Lair.
 14653 | D:11     | Identified the amulet "Fyucaky" {Inacc *Contam +Blink rN+++
                  | Int-2}
 14911 | D:11     | Found a runed translucent gate.
 14911 | D:11     | Found a runed translucent gate.
 14911 | D:11     | Found a runed translucent gate.
 14911 | D:11     | Noticed Qoq Enodoapn's ghost (journeyman GnVM)
 14961 | Lair:1   | Entered Level 1 of the Lair of Beasts
 15740 | Lair:1   | Reached **** piety under Ashenzari
 15869 | Lair:2   | HP: 4/91 [blink frog (4)]
 15870 | Lair:2   | HP: 1/91 [/static electricity (2)]
 15871 | Lair:2   | Killed from afar by themself

Levels and vault maps discovered:
D:1:      dpeg_arrival_circle_labyrinth_c, layout_basic
D:2:      layout_basic, uniq_terence, uniq_sigmund
D:3:      layout_loops_ring, grunt_qazlal_sundering
D:4:      corexii_shantytown, layout_loops_ring, overflow_temple_1_default,
          nicolae_gozag_cash_rules_everything_around_me, marbit_many_paths,
          minmay_temple_entry_mist
D:5:      corexii_shack_village, layout_layer_cave, first_ration,
          kennysheep_minor_cross, grunt_ministairs_5
D:6:      layout_basic
D:7:      lemuel_slime, layout_loops_cross, uniq_joseph, uniq_duvessa,
          uniq_crazy_yiuf_cottage
D:8:      layout_rooms, grunt_temple_overflow_order_and_chaos_2,
          lemuel_round_altar, grunt_pizzeria, serial_bayou_lagoon_a
D:9:      layout_basic, lemuel_zombie_altar_yredelemnul,
          overflow_temple_1_default, serial_shops, shop, nicolae_good_shop,
          uniq_erolcha
D:10:     layout_basic, david_orc_4, gammafunk_ghost_wrathful_warriors
D:11:     minmay_the_grid_octo_tiled_squarecenter [minmay_the_grid_octo_77,
          minmay_the_grid_octo_chip, minmay_the_grid_octo_horde,
          minmay_the_grid_octo_teeth,
          minmay_the_grid_square_5x5_megaprize_crossed,
          minmay_the_grid_square_5x5_three_small,
          minmay_the_grid_square_5x5_tie, minmay_the_grid_square_5x5_forky,
          minmay_the_grid_square_5x5_gyroscope], layout_rooms, basic_altar,
          gammafunk_ghost_necromancy, serial_shops, shop, nicolae_shop_crystal,
          shop, nicolae_shop_stone, nicolae_shop_window_shopping,
          minmay_circle_x
Temple:   cyrus_circular_temple
Lair:1:   layout_regular_city, infiniplex_staircase_pool
Lair:2:   layout_gridlike, ebering_ghost_inner_flame,
          cheibrodos_lair_reptile_den

Skill      XL: |  1  2  3  4  5  6  7  8  9 10 11 12 |
---------------+-------------------------------------+-----
Conjurations   | 2 3 4 5 6 |  6.4
Spellcasting   | 5 6 7 8 |  8.9
Invocations    | 1 2 3 4 5 6 7 |  7.9
Fighting       | 1 2 3 4 5 6 7 |  7.2
Short Blades   | 1 2 3 4 5 6 7 |  7.2
Long Blades    | 1 2 3 4 5 6 7 |  7.2
Axes           | 1 2 3 4 5 6 7 |  7.2
Maces & Flails | 1 2 3 4 5 6 7 |  7.2
Polearms       | 1 2 3 4 5 6 7 |  7.2
Staves         | 1 2 3 4 5 6 7 |  7.2
Slings         | 1 2 3 4 5 6 7 |  7.2
Bows           | 1 2 3 4 5 6 7 |  7.2
Crossbows      | 1 2 3 4 5 6 7 |  7.2
Throwing       | 1 2 3 4 5 6 7 |  7.2
Armour         | 1 2 3 4 5 6 7 |  7.2
Shields        | 1 2 3 4 5 6 7 |  7.2
Unarmed Combat | 1 2 3 4 5 6 7 |  7.2
Hexes          | 1 2 3 4 5 6 |  6.0
Charms         | 1 2 3 4 5 6 |  6.0
Summonings     | 1 2 3 4 5 6 |  6.0
Necromancy     | 1 2 3 4 5 6 |  6.0
Translocations | 1 2 3 4 5 6 |  6.0
Transmutations | 1 2 3 4 5 6 |  6.0
Fire Magic     | 1 2 3 4 5 6 |  6.0
Ice Magic      | 1 2 3 4 5 6 |  6.0
Earth Magic    | 1 2 3 4 5 6 |  6.0
Poison Magic   | 1 2 3 4 5 6 |  6.0
Evocations     | 1 2 3 4 5 6 7 |  7.2
Dodging        | 5 6 7 8 |  8.6
Stealth        | 5 6 7 8 |  8.4
Air Magic      | 6 7 8 |  8.2

Action                   |  1- 3 |  4- 6 |  7- 9 | 10-12 || total
-------------------------+-------+-------+-------+-------++-------
Melee: Unarmed           |     2 |       |       |       ||     2
       Dagger            |       |     5 |    14 |       ||    19
       Short sword       |       |       |     4 |   103 ||   107
       Bite              |       |       |     3 |    11 ||    14
       Punch             |       |       |       |     4 ||     4
 Cast: Shock             |    69 |    73 |   340 |   522 ||  1004
       Static Discharge  |       |     8 |    35 |    78 ||   121
       Swiftness         |       |     1 |       |     3 ||     4
       Lightning Bolt    |       |       |       |    15 ||    15
Invok: Curse Item        |       |       |     3 |     2 ||     5
  Use: Scroll            |       |       |       |     9 ||     9
       Potion            |       |       |       |     2 ||     2
 Stab: Sleeping          |       |       |     1 |       ||     1
       Distracted        |       |       |       |     1 ||     1
  Eat: Chunk             |     2 |     6 |    16 |    23 ||    47
       Ration            |       |       |       |     1 ||     1
Armor: Robe              |     1 |     6 |    31 |    13 ||    51
       Troll leather arm |       |       |       |    36 ||    36
       Leather armour    |       |       |       |     4 ||     4
       Skin              |       |       |       |    14 ||    14
Dodge: Dodged            |     8 |    17 |   132 |   275 ||   432

Table legend:
 A = Non-vault XP
 B = Vault XP
 C = Vault XP percentage of total XP
 D = Non-vault monster count
 E = Vault monster count
 F = Vault count percentage of total count
                 A         B        C        D         E       F
            +---------+---------+-------+---------+---------+-------
      Total |   16756 |    8084 |  32.5 |     254 |     113 |  30.8
            +---------+---------+-------+---------+---------+-------
        D:1 |      55 |       0 |   0.0 |      25 |       0 |   0.0
        D:2 |      36 |     259 |  87.8 |      23 |       2 |   8.0
        D:3 |      74 |       0 |   0.0 |      20 |       0 |   0.0
        D:4 |     563 |     153 |  21.4 |      15 |      35 |  70.0
        D:5 |     530 |      11 |   2.0 |      17 |       5 |  22.7
        D:6 |     900 |       0 |   0.0 |      20 |       0 |   0.0
        D:7 |    1308 |    1620 |  55.3 |      31 |      27 |  46.6
        D:8 |     809 |     133 |  14.1 |      12 |       1 |   7.7
        D:9 |    2571 |     998 |  28.0 |      21 |       3 |  12.5
       D:10 |    4114 |     594 |  12.6 |      34 |      15 |  30.6
       D:11 |    2778 |    4316 |  60.8 |      21 |      25 |  54.3
     Lair:1 |    1902 |       0 |   0.0 |      11 |       0 |   0.0
     Lair:2 |    1116 |       0 |   0.0 |       4 |       0 |   0.0
            +---------+---------+-------+---------+---------+-------
